 Dungeon Crawl Stone Soup version 0.27-a0-1500-g450c7e4133 (webtiles) character file.

Game seed: 5836283638721765442

14 lunkers the Insei (level 2, 0/23 HPs)
             Began as a Djinni Warper on July 7, 2021.
             Slain by a quokka (1 damage)
             ... on level 1 of the Dungeon.
             The game lasted 00:00:46 (454 turns).

lunkers the Insei (Djinni Warper)                    Turns: 454, Time: 00:00:46

Health: 0/23       AC:  3    Str: 10    XL:     2   Next: 60%
Gold:   39         EV: 11    Int: 14    God:
                   SH:  0    Dex: 12

rFire    + + .     SeeInvis .     - Unarmed
rCold    x . .     Faith    .   (no shield)
rNeg     . . .     Spirit   .   a - +0 leather armour
rPois    ∞         Reflect  .   (no helmet)
rElec    .         Harm     .   (no cloak)
rCorr    .         Rampage  .   (no gloves)
Will     .....                  (boots unavailable)
Stlth    +.........             (no amulet)
HPRegen  0.07/turn              (no ring)
MPRegen  0.00/turn              (no ring)

@: flying
A: sickness immunity, fire resistance 2, cold vulnerability 1, float, innate
caster, hp casting, extra vitality 1
a: no special abilities


You were on level 1 of the Dungeon.
You visited 1 branch of the dungeon, and saw 1 of its levels.

You collected 39 gold pieces.

Inventory:

Missiles
 c - 5 boomerangs of dispersal
Armour
 a - a +0 leather armour (worn)
Scrolls
 b - a scroll of blinking
 d - a scroll of acquirement {unknown}
Potions
 e - a potion of curing {unknown}


   Skills:
 - Level 2.0 Fighting
 - Level 0.7 Throwing
 - Level 1.0 Armour
 - Level 2.1 Dodging
 * Level 2.7 Unarmed Combat
 + Level 2.6 Spellcasting


You couldn't memorise any spells.
You knew the following spells:

 Your Spells              Type           Power      Damage    Failure   Level
b - Lesser Beckoning      Tloc           4%         N/A       30%         3
c - Gell's Gravitas       Tloc           4%         N/A       30%         3
d - Teleport Other        Tloc           9%         N/A       30%         3
e - Manifold Assault      Tloc           9%         N/A       96%         5
p - Blink                 Tloc           N/A        N/A       16%         2
Your spell library was empty.

Dungeon Overview and Level Annotations

Branches:
Dungeon (1/15)

Altars:


Innate Abilities, Weirdness & Mutations

You are immune to sickness and miasma.
You are immune to poison.
Your flesh is very heat resistant. (rF++)
You are vulnerable to cold. (rC-)
You float through the air rather than walking.
You learn spells naturally, not from books.
Your magical power is your life essence.
You have superior vitality. (+4 HP)


Message History

The quokka is almost dead.
The quokka bites you but does no damage.
You hit the quokka.
You kill the quokka!
The quokka twitches its whiskers.
The quokka bites you.
You miss the quokka. The quokka bites you. x2
You miss the quokka. The quokka bites you.
The kobold hits you with a +0 short sword.
* * * LOW HITPOINT WARNING * * *
A ball python comes into view.
The quokka bites you.
* * * LOW HITPOINT WARNING * * *
The ball python moves out of view.
The quokka barely misses you.
You closely miss the quokka. The quokka closely misses you.
The quokka bites you.
* * * LOW HITPOINT WARNING * * *
The quokka barely misses you.
You closely miss the quokka. The quokka completely misses you.
You hit the quokka.
The quokka is almost dead.
The quokka closely misses you.
You barely miss the quokka.
The quokka is almost dead.
The quokka bites you but does no damage.
You closely miss the quokka.
The quokka is almost dead.
The quokka bites you.
* * * LOW HITPOINT WARNING * * *
You hit the quokka but do no damage.
The quokka is almost dead.
The quokka bites you.
* * * LOW HITPOINT WARNING * * *
You closely miss the quokka.
The quokka is almost dead.
The quokka bites you.
* * * LOW HITPOINT WARNING * * *
The quokka bites you.
You die...

######### #...†.......##.#gr.....
........######†......r##.#.......
........##........###.##.#.......
.............##...###K.#.##.#...#
..........### #....##g.#.. ......
...)....### #..#.##..##. .....$
...).)..# #..#.##.(#....
....)...#######..r.K.r.......
................@#.####......
#####............#... ......
####..#########......# ......
.................#....##.....
.####............##.#.# .....
#####.....<......# .#.# ....
.................. .# .
.####.......^..... #.#########...


You could see a quokka, a kobold and a rat.

Vanquished Creatures
  A ball python (D:1)
  A bat (D:1)
  A giant cockroach (D:1)
  2 goblins (D:1)
  2 hobgoblins (D:1)
  2 quokkas (D:1)
  2 kobolds (D:1)
11 creatures vanquished.

Notes
Turn   | Place    | Note
-------+----------+-------------------------------------------
     0 | D:1      | lunkers the Djinni Warper began the quest for the Orb.
     0 | D:1      | Reached XP level 1. HP: 18/18 MP: 0/0
    40 | D:1      | Reached XP level 2. HP: 5/23 MP: 0/0
   452 | D:1      | HP: 1/23 [quokka (3)]
   454 | D:1      | Slain by a quokka

Illustrated notes

Levels and vault maps discovered:
D:1:      minmay_arrival_semitransparent, layout_rooms,
          ebering_ecumenical_altar_hall, minmay_tetromino_l2

Action                   || total
-------------------------++-------
Melee: Unarmed           ||    52
Armor: Leather armour    ||    16
Dodge: Dodged            ||    31

Table legend: (Time is in decaauts)
 A = Elapsed time spent in this place.
 B = Non-inter-level travel time spent in this place.
 C = Inter-level travel time spent in this place.
 D = Time resting spent in this place.
 E = Time spent auto-exploring this place.
 F = Levels seen in this place.
 G = Mean time per level.
                   A        B        C        D        E       F      G
               +--------+--------+--------+--------+--------+-----+--------+
         Total |    451 |    451 |      0 |    117 |    243 |   1 |  451.0 |
       Dungeon |    451 |    451 |      0 |    117 |    243 |   1 |  451.0 |
               +--------+--------+--------+--------+--------+-----+--------+

Top non-repeatable levels by time:
     D:1: 451 daAuts
